 Dungeon Sprint DCSS version 0.23.2-1-ga50397a (webtiles) character file.

Game seed: 18216498449277718456

3379882 doot the Minotaur Barricade (level 23, 206/240 HPs)
             Began as a Minotaur Fighter on Apr 24, 2019.
             Was the Champion of Qazlal.
             Escaped with the Orb
             ... and 3 runes!
             The game lasted 02:00:14 (21174 turns).

doot the Minotaur Barricade (Minotaur Fighter)     Turns: 21174, Time: 02:00:15

Health: 206/240    AC: 42    Str: 36    XL:     23   Next: 11%
Magic:  46/46      EV: 35    Int:  6    God:    Qazlal [******]
Gold:   229        SH: 49    Dex: 23    Spells: 64/72 levels left

rFire    . . .     SeeInvis .   b - +9 demon trident (flame)
rCold    + + .     Gourm    .   B - +5 large shield of Spite {rN+}
rNeg     + . .     Faith    .   S - +5 plate armour
rPois    +         Spirit   .   V - +2 hat "Okhlo Gar" {rC+ Dex+5}
rElec    +         Reflect  +   A - +1 cloak of Starlight {rElec rC+ EV+4 Stlth--}
rCorr    .         Harm     .   P - +2 pair of gloves
MR       ++++.     Rnd*Rage +   p - +2 pair of boots "Sousch" {Str+2 Dex+2} Stlth ..........NoTele +
                                d - amulet "Zytiac" {Reflect Int+3 Slay+3 SH+6}
HPRegen  0.50/turn              u - ring of Rijavem {+Inv Str+6}
MPRegen  0.30/turn              I - ring "Aqousith" {rElec MR++ Int-2 Dex+3 Slay+3}

@: studying Staves, repel missiles
A: retaliatory headbutt, hooves 1, horns 2, iridescent scales 1, berserk 1, low
mp 1, magic resistance 1, poison resistance, subdued magic 1
0: Orb of Zot
}: 3/3 runes: silver, golden, iron
a: Upheaval, Elemental Force, Disaster Area, Renounce Religion, Evoke
Invisibility


You escaped.
You worshipped Qazlal.
Qazlal was exalted by your worship.
You were hungry.

You visited 1 branch You collected 229 gold pieces.

Inventory:

Hand Weapons
 a - the +7 sceptre of Asmodeus
   (You took it off Asmodeus in the Dungeon)
 b - a +9 demon trident of flaming (weapon)
 n - a +9 demon whip of freezing
 R - a +11 demon blade of venom
Missiles
 U - 28 javelins (quivered)
Armour
 p - the +2 pair of boots "Sousch" (worn) {Str+2 Dex+2}
   (You found it in the Dungeon)

   It affects your strength (+2).
   It affects your dexterity (+2).
 A - the +1 cloak of Starlight (worn) {rElec rC+ EV+4 Stlth--}
   (You found it in the Dungeon)

   It affects your evasion (+4).
   It protects you from cold.
   It insulates you from electricity.
   It makes you much less stealthy.
 B - the +5 large shield of Spite (worn) {rN+}
   (You found it in the Dungeon)

   It protects you from negative energy.
 D - a +3 large shield of protection
 E - a +2 troll leather armour {Snorg}
 P - a +2 pair of gloves (worn)
 Q - a +4 plate armour of magic resistance
 S - a +5 plate armour (worn)
 V - the +2 hat "Okhlo Gar" (worn) {rC+ Dex+5}
   (You found it in the Dungeon)

   It affects your dexterity (+5).
   It protects you from cold.
Jewellery
 d - the amulet "Zytiac" (around neck) {Reflect Int+3 Slay+3 SH+6}
   (You found it in the Dungeon)

   [amulet of reflection]

   It shields you and reflects attacks.
   It affects your intelligence (+3).
   It affects your accuracy and damage with ranged weapons and melee attacks
   (+3).
   It affects your SH (+6).
 j - the ring of Departure {*Corrode *Slow rElec rN+++ Stlth+}
   (You took it off a frost giant in the Dungeon)

   [ring of stealth]

   It insulates you from electricity.
   It renders you almost immune to negative energy.
   It may corrode you when you take damage.
   It may slow you when you take damage.
   It makes you more stealthy.
 r - an uncursed ring of protection from magic
 s - a +6 ring of intelligence
 u - the ring of Rijavem (left hand) {+Inv Str+6}
   (You found it in the Dungeon)

   [ring of strength]

   It affects your strength (+6).
   It lets you turn invisible.
 v - a +3 ring of slaying
 w - a +3 ring of slaying
 x - a +6 ring of intelligence
 y - a +6 ring of protection
 F - a ring of the Octopus King {AC+1 EV+1 Str+1 Int+1 Dex+1 Stlth+}
   (You took it off a daeva in the Dungeon)

   [ring of stealth]

   It affects your AC (+1).
   It affects your evasion (+1).
   It affects your strength (+1).
   It affects your intelligence (+1).
   It affects your dexterity (+1).
   It makes you more stealthy.
 H - the ring of Veheucume {rElec Dex+3}
   (You found it in the Dungeon)

   [ring of dexterity]

   It affects your dexterity (+3).
   It insulates you from electricity.
 I - the ring "Aqousith" (right hand) {rElec MR++ Int-2 Dex+3 Slay+3}
   (You found it in the Dungeon)

   [ring of dexterity]

   It affects your intelligence (-2).
   It affects your dexterity (+3).
   It affects your accuracy and damage with ranged weapons and melee attacks
   (+3).
   It insulates you from electricity.
   It affects your resistance to hostile enchantments.
 O - the ring of Mistrust {rElec rPois rF- rC+ rN+}
   (You found it in the Dungeon)

   [ring of protection from cold]

   It makes you vulnerable to fire.
   It protects you from cold.
   It insulates you from electricity.
   It protects you from poison.
   It protects you from negative energy.
 T - the amulet of Jydi {*Slow rPois rF+++ Regen+ Dex-5}
   (You found it in the Dungeon)

   [amulet of regeneration]

   It affects your dexterity (-5).
   It renders you almost immune to fire.
   It protects you from poison.
   It increases your rate of regeneration.
   It may slow you when you take damage.
 X - the ring "Dufiocke" {+Fly MP+9 Int+3 Dex-3}
   (You found it in the Dungeon)

   [ring of flight]

   It affects your intelligence (+3).
   It affects your dexterity (-3).
   It affects your magic capacity (+9).
   It lets you fly.
 Y - the ring "Wale Vak" {rElec rPois rF- EV+4 Str-5}
   (You found it in the Dungeon)

   [ring of evasion]

   It affects your evasion (+4).
   It affects your strength (-5).
   It makes you vulnerable to fire.
   It insulates you from electricity.
   It protects you from poison.
 Z - the ring of Woiqy {Ice +Inv rN+}
   (You found it in the Dungeon)

   [ring of ice]

   It enhances your ice magic.
   It makes you vulnerable to fire.
   It protects you from cold.
   It protects you from negative energy.
   It lets you turn invisible.
Scrolls
 c - 5 scrolls of identify
 k - 4 scrolls of blinking
 m - 15 scrolls of remove curse
 o - a scroll of summoning
 K - 4 scrolls of fog
 L - 2 scrolls of fear
 N - a scroll of enchant armour
Potions
 e - 14 potions of curing
 g - 7 potions of heal wounds
 h - 6 potions of haste
 i - 4 potions of magic
 l - a potion of invisibility
 q - 2 potions of brilliance
 t - 3 potions of agility
 z - 7 potions of mutation
 G - a potion of flight
 J - a potion of cancellation
 M - a potion of resistance
 W - 2 potions of might
Books
 C - a manual of Staves
Comestibles
 f - 8 rations


   Skills:
 O Level 27 Fighting
   Level 11.6(21.0) Axes
 O Level 27 Polearms
 - Level 26.3 Throwing
 O Level 27 Armour
 O Level 27 Dodging
 - Level 12.9 Stealth
 O Level 27 Shields
 + Level 25.2 Spellcasting
 O Level 27 Hexes
 O Level 27 Invocations
 O Level 27 Evocations


You had 64 spell levels left.
You knew the following spells:

 Your Spells              Type           Power        Failure   Level  Hunger
a - Discord               Hex            ####......   1%          8    #######

Your spell library contained the following spells:

 Spells                   Type           Power        Failure   Level  Hunger
 Confusing Touch          Hex            ####..       0%          1    None
 Corona                   Hex            ####...      0%          1    None
 Slow                     Hex            ####....     0%          2    None
 Tukima's Dance           Hex            ####....     0%          3    None
 Cause Fear               Hex            ####......   0%          4    ###....
 Darkness                 Hex            ####......   0%          6    ######.
 Invisibility             Hex            ####....     0%          6    ######.
 Dazzling Spray           Conj/Hex       ###...       1%          3    None
 Inner Flame              Hex/Fire       ###.....     1%          3    None
 Portal Projectile        Hex/Tloc       ###...       1%          3    None
 Summon Guardian Golem    Hex/Summ       ###.....     1%          3    None
 Fulminant Prism          Conj/Hex       ###.......   1%          4    ###....
 Leda's Liquefaction      Hex/Erth       ###.......   1%          4    ###....
 Metabolic Englaciation   Hex/Ice        ###.......   1%          5    #####..
 Silence                  Hex/Air        ###.......   1%          5    #####..
 Yara's Violent Unravell  Hex/Tmut       ###.......   1%          5    #####..
 Animate Skeleton         Necr           N/A          7%          1    None
 Apportation              Tloc           #.....       7%          1    None
 Freeze                   Ice            #...         7%          1    None
 Magic Dart               Conj           #...         7%          1    None
 Summon Butterflies       Summ           #.......     7%          1    None
 Summon Small Mammal      Summ           #...         7%          1    None
 Blink                    Tloc           N/A          12%         2    None
 Call Imp                 Summ           #.......     12%         2    None
 Corpse Rot               Necr           N/A          12%         2    None
 Passwall                 Tmut/Erth      #.......     12%         2    None
 Searing Ray              Conj           #.....       12%         2    None
 Sublimation of Blood     Necr           #.........   12%         2    None
 Swiftness                Chrm/Air       #.......     12%         2    None
 Throw Frost              Conj/Ice       #.....       12%         2    None
 Call Canine Familiar     Summ           #.......     22%         3    None
 Conjure Flame            Conj/Fire      #.......     22%         3    None
 Lesser Beckoning         Tloc           #.........   22%         3    None
 Mephitic Cloud           Conj/Pois/Air  #.......     22%         3    None
 Ozocubu's Armour         Chrm/Ice       #.......     22%         3    None
 Recall                   Summ/Tloc      N/A          22%         3    None
 Stone Arrow              Conj/Erth      #.....       22%         3    None
 Force Lance              Conj/Tloc      #.......     61%         4    ###....
 Ice Form                 Ice/Tmut       #.......     61%         4    ###....
 Iskenderun's Mystic Bla  Conj           #.......     61%         4    ###....
 Summon Ice Beast         Ice/Summ       #.......     61%         4    ###....
 Summon Lightning Spire   Summ/Air       #.......     61%         4    ###....
 Throw Icicle             Conj/Ice       #.......     61%         4    ###....
 Agony                    Necr           #.......     92%         5    #####..
 Alistair's Intoxication  Tmut/Pois      #.......     92%         5    #####..
 Bolt of Draining         Conj/Necr      #.........   92%         5    #####..
 Bolt of Magma            Conj/Fire/Erth #.........   92%         5    #####..
 Borgnjor's Vile Clutch   Necr/Erth      #.........   92%         5    #####..
 Dispel Undead            Necr           #.......     92%         5    #####..
 Excruciating Wounds      Chrm/Necr      #.........   92%         5    #####..
 Irradiate                Conj/Tmut      #.........   92%         5    #####..
 Lee's Rapid Deconstruct  Erth           #.........   92%         5    #####..
 Summon Forest            Summ/Tloc      #.........   92%         5    #####..
 Bolt of Cold             Conj/Ice       #.........   100%        6    ######.
 Deflect Missiles         Chrm/Air       #.........   100%        6    ######.
 Dispersal                Tloc           #.........   100%        6    ######.
 Freezing Cloud           Conj/Ice/Air   #.........   100%        6    ######.
 Hydra Form               Tmut           #.........   100%        6    ######.
 Iron Shot                Conj/Erth      #.........   100%        6    ######.
 Ozocubu's Refrigeration  Ice            #.........   100%        6    ######.
 Simulacrum               Ice/Necr       #.........   100%        6    ######.
 Statue Form              Tmut/Erth      #........    100%        6    ######.
 Dragon Form              Tmut           #.........   100%        7    #######
 Malign Gateway           Summ/Tloc      #.........   100%        7    #######
 Monstrous Menagerie      Summ           #.........   100%        7    #######
 Summon Greater Demon     Summ           #.........   100%        7    #######
 Summon Hydra             Summ           #.........   100%        7    #######
 Disjunction              Tloc           #.........   100%        8    #######
 Summon Horrible Things   Summ           #.........   100%        8    #######
 Shatter                  Erth           #.........   100%        9    #######
 Passage of Golubria      Tloc           Unusable     N/A         4    N/A

Dungeon Overview and Level Annotations

Branches:
Dungeon (1/1)

Altars:
Ashenzari
Cheibriados
Dithmenos
Elyvilon
Fedhas
Gozag
Hepliaklqana
Kikubaaqudgha
Makhleb
Nemelex Xobeh
Okawaru
Qazlal
Ru
Sif Muna
Trog
Uskayaw
Vehumet
Wu Jian
Xom
Yredelemnul
Zin
The Shining One
Beogh
Jiyva
Lugonu

Annotations:
D 2 exclusions


Innate Abilities, Weirdness & Mutations

You reflexively headbutt those who attack you in melee.
You have a pair of horns on your head.
You have large cloven feet.
You are partially covered in iridescent scales. (AC +2)
You tend to lose your temper in combat.
Your magical capacity is low. (-10% MP)
You are resistant to hostile enchantments. (MR+)
Your system is resistant to poisons. (rPois)
Your spells are a little easier to cast, but a little less powerful.


Message History

There is a huge open gate to the Grid Vault (Hard) here.
There is a huge open gate to the Grid Vault (Hard) here.
A tormentor comes into view.
You hear a shout!
You see here a +0 giant club.
You block the tormentor's attack. x2
There is an open door to the Entrance Hall (Safe) here.
You impale the tormentor!! You burn the tormentor!
The tormentor is almost dead.
You block the tormentor's attack. x2
An Ice Fiend comes into view.
You closely miss the tormentor.
The tormentor is almost dead.
You block the tormentor's attack. x2
You impale the tormentor!!
You kill the tormentor!
Qazlal accepts your kill.
There is a staircase leading out of the dungeon here.
You can't go down here!
You have escaped!

##########1##................''..
#)..)))(.))))................)'..
#)#####)#####.....)#).#......##..
#.#..#.)(..##..1...).))......##..
#)#.)#####'#####'#####''#########
#)#).#...÷.##.......##('##### ##
#.#))#.....##.☼○☼...##......# #.
#)#[.###'####.....○.##......# ##
#.##'#.....##...@...###....## ##
#.#........##....○..# ##''## ###.
#.#........##....§..###....###...
#'###########.......##......#....
#.......#..###########......'...)
#.###...#.############......#....
#.#.....#.#....#...[###....###...
#.#...#.#'#....#....# ##''## ###.
#.....#.#.'....'....###....## ##


You could see an Ice Fiend.

Vanquished Creatures
  Asmodeus (D)
  Antaeus (D)
  Dissolution (D)
  Ignacio (D)
  the Serpent of Hell (D)
  An orb of fire (D)
  Mennas (D)
  Mara (D)
  4 ancient liches (D)
  2 greater mummies (D)
  Boris (D)
  2 Killer Klowns (D)
  Xtahua (D)
  the Lernaean hydra (D)
  Margery (D)
  Frederick (D)
  2 curse toes (D)
  4 pandemonium lords (D)
  2 golden dragons (D)
  Jory (D)
  2 bone dragons (D)
  6 pearl dragons (D)
  2 Brimstone Fiends (D)
  A hellephant (D)
  6 electric golems (D)
  5 Tzitzimimeh (D)
  A tentacled monstrosity (D)
  26 Orb Guardians (D)
  5 Ice Fiends (D)
  8 liches (D)
  2 Hell Sentinels (D)
  3 deep elf blademasters (D)
  6 titans (D)
  A quicksilver dragon (D)
  2 deep elf master archers (D)
  An acid blob (D)
  5 storm dragons (D)
  A death cob (D)
  Polyphemus (D)
  8 nagarajas (D)
  4 shadow dragons (D)
  4 azure jellies (D)
  A fire giant (D)
  7 frost giants (D)
  A draconian monk (D)
  A draconian knight (D)
  2 iron dragons (D)
  3 orc warlords (D)
  4 draconian scorchers (D)
  2 cacodemons (D)
  Louise (D)
  An emperor scorpion (D)
  24 daevas (D)
  2 draconian shifters (D)
  A draconian annihilator (D)
  A ghost moth (D)
  7 balrugs (D)
  21 angels (D)
  2 spriggan defenders (D)
  3 ghouls (D)
  A reaper (D)
  3 draconian stormcallers (D)
  2 war gargoyles (D)
  2 vampire knights (D)
  An ophan (D)
  3 deep elf demonologists (D)
  A black draconian (D)
  2 stone giants (D)
  A lorocyproca (D)
  A deep elf annihilator (D)
  3 red draconians (D)
  A green draconian (D)
  2 minotaurs (D)
  Snorg (D)
  An eidolon (D)
  An ettin (D)
  4 blizzard demons (D)
  A death ooze (D)
  3 fire dragons (D)
  4 green deaths (D)
  2 mummy priests (D)
  A merfolk impaler (D)
  A rakshasa (D)
  A deep elf high priest (D)
  2 ice dragons (D)
  3 hell beasts (D)
  2 yaktaur captains (D)
  A monstrous demonspawn (D)
  2 spriggan air magi (D)
  An alligator snapping turtle (D)
  4 vault guards (D)
  A naga warrior (D)
  A merfolk avatar (D)
  A catoblepas (D)
  4 death knights (D)
  2 ogre magi (D)
  3 two-headed ogres (D)
  2 dancing weapons (D)
  A merfolk aquamancer (D)
  An iron elemental (D)
  An anaconda (D)
  2 death yaks (D)
  5 sun demons (D)
  6 vampire magi (D)
  3 deep elf knights (D)
  3 sixfirhies (D)
  2 iron trolls (D)
  17 hell knights (D)
  28 cherubim (D)
  12 skeletal warriors (D)
  5 flayed ghosts (D)
  An unseen horror (D)
  An infernal demonspawn (D)
  4 wizards (D)
  A deep troll (D)
  A deep elf archer (D)
  2 lindwurms (D)
  3 phantasmal warriors (D)
  5 deep elf magi (D)
  3 necromancers (D)
  10 orc knights (D)
  An ugly thing (D)
  A wolf spider (D)
  A cyclops (D)
  A moth of wrath (D)
  A rust devil (D)
  An elephant (shapeshifter) (D)
  3 naga magi (D)
  A spiny frog (D)
  3 gargoyles (D)
  A rime drake (D)
  A hellion (D)
  5 yaktaurs (D)
  4 tormentors (D)
  3 freezing wraiths (D)
  A guardian mummy (D)
  2 demonic crawlers (D)
  An ice devil (D)
  A hellwing (D)
  6 red devils (D)
  A troll (D)
  6 merfolk (D)
  A jumping spider (D)
  2 polar bears (D)
  3 tyrant leeches (D)
  11 slime creatures (D)
  A large abomination (D)
  7 redbacks (D)
  2 spriggans (D)
  5 vampires (D)
  2 wraiths (D)
  6 yaks (D)
  2 air elementals (D)
  A fire elemental (D)
  A water elemental (D)
  A tarantella (D)
  2 fire bats (D)
  A wyvern (D)
  A golden eye (D)
  2 steam dragons (D)
  2 hungry ghosts (D)
  A chaos spawn (D)
  3 nagas (D)
  2 vampire mosquitoes (D)
  A soldier ant (D)
  An acid dragon (D)
  An ice beast (D)
  A sky beast (D)
  2 black bears (D)
  An eye of draining (D)
  3 ogres (D)
  2 centaurs (D)
  8 wolves (D)
  A crocodile (D)
  A big kobold (D)
  An earth elemental (D)
  A jelly (D)
  2 gnoll shamans (D)
  An orc priest (D)
  A hell rat (D)
  A worker ant (D)
  2 adders (D)
  8 gnolls (D)
  A river rat (D)
  2 oozes (D)
  3 adder zombies (D)
  An adder skeleton (D)
  An adder simulacrum (D)
  5 orcs (D)
  A ball python (D)
  5 bat zombies (D)
  A giant cockroach (D)
  A goblin (D)
  4 jackals (D)
  A quokka (D)
  A ball python skeleton (D)
  A bat (D)
  3 bat simulacra (D)
  A frilled lizard (D)
  4 giant cockroach simulacra (D)
  A giant cockroach zombie (D)
  A jackal skeleton (D)
  A jackal zombie (D)
  A leopard gecko simulacrum (D)
  A quokka simulacrum (D)
  A quokka skeleton (D)
  A quokka zombie (D)
589 creatures vanquished.

Vanquished Creatures (collateral kills)
  Nikola (D)
  A titan (D)
  An angel (D)
  A deep elf demonologist (D)
  4 hell knights (D)
  A necromancer (D)
9 creatures vanquished.

Vanquished Creatures (others)
  A pandemonium lord (D)
  A deep elf master archer (D)
  A daeva (D)
  A ghost moth (D)
  3 cherubim (D)
  A slime creature (D)
8 creatures vanquished.

Grand Total: 606 creatures vanquished

Notes
Turn   | Place    | Note
-------+----------+-------------------------------------------
     0 | D        | doot the Minotaur Fighter began the quest for the Orb.
     0 | D        | Reached XP level 1. HP: 19/19 MP: 0/0
    25 | D        | Found a glowing golden altar of the Shining One.
    25 | D        | Found a glowing silver altar of Zin.
    25 | D        | Found a basalt altar of Yredelemnul.
    25 | D        | Found a shimmering altar of Xom.
    25 | D        | Found an ornate altar of the Wu Jian Council.
    25 | D        | Found a bloodstained altar of Trog.
    25 | D        | Found a deep blue altar of Sif Muna.
    25 | D        | Found a sacrificial altar of Ru.
    25 | D        | Found a stormy altar of Qazlal.
    25 | D        | Found an iron altar of Okawaru.
    25 | D        | Found a sparkling altar of Nemelex Xobeh.
    25 | D        | Found a burning altar of Makhleb.
    25 | D        | Found a viscous altar of Jiyva.
    25 | D        | Found a hazy altar of Hepliaklqana.
    25 | D        | Found an opulent altar of Gozag.
    25 | D        | Found a blossoming altar of Fedhas.
    25 | D        | Found a white marble altar of Elyvilon.
    25 | D        | Found a shadowy altar of Dithmenos.
    25 | D        | Found a snail-covered altar of Cheibriados.
    26 | D        | Found a radiant altar of Vehumet.
    26 | D        | Found a corrupted altar of Lugonu.
    26 | D        | Found a roughly hewn altar of Beogh.
    27 | D        | Found a hide-covered altar of Uskayaw.
    27 | D        | Found an ancient bone altar of Kikubaaqudgha.
    27 | D        | Found a shattered altar of Ashenzari.
    30 | D        | Became a worshipper of Qazlal Stormbringer
   132 | D        | Noticed a worker ant
   143 | D        | Killed a worker ant
   143 | D        | Reached * piety under Qazlal
   143 | D        | Reached skill level 5 in Fighting
   143 | D        | Reached skill level 5 in Armour
   143 | D        | Reached skill level 5 in Shields
   143 | D        | Reached XP level 2. HP: 9/29 MP: 1/1
   143 | D        | Reached XP level 3. HP: 11/36 MP: 2/2
   382 | D        | Noticed a deep elf mage
   385 | D        | Noticed a fire elemental
   390 | D        | Reached ** piety under Qazlal
   398 | D        | Noticed a fire elemental
   408 | D        | Reached *** piety under Qazlal
   408 | D        | Killed a deep elf mage
   408 | D        | Reached XP level 4. HP: 16/50 MP: 3/3
   408 | D        | Reached XP level 5. HP: 18/57 MP: 4/4
   408 | D        | Reached XP level 6. HP: 20/63 MP: 5/5
   713 | D        | Noticed a fire bat
   736 | D        | Reached skill level 10 in Axes
   736 | D        | Reached skill level 10 in Armour
   736 | D        | Reached XP level 7. HP: 54/70 MP: 6/6
   741 | D        | Reached **** piety under Qazlal
   741 | D        | Reached skill level 1 in Polearms
   808 | D        | Noticed a hungry ghost
   820 | D        | Reached skill level 10 in Shields
   831 | D        | Killed a hungry ghost
   831 | D        | Reached ***** piety under Qazlal
   842 | D        | Killed a fire bat
   842 | D        | Reached XP level 8. HP: 71/79 MP: 7/7
   894 | D        | Reached skill level 10 in Fighting
   896 | D        | Noticed a troll
   908 | D        | Killed a troll
   908 | D        | Reached skill level 5 in Polearms
  1046 | D        | Noticed a deep troll
  1051 | D        | Killed a deep troll
  1051 | D        | Reached XP level 9. HP: 83/86 MP: 8/8
  1060 | D        | Reached ****** piety under Qazlal
  1481 | D        | Noticed a cyclops
  1529 | D        | Killed a cyclops
  1529 | D        | Reached skill level 10 in Polearms
  1570 | D        | Noticed a gargoyle
  1570 | D        | Noticed a red devil
  1613 | D        | Reached skill level 1 in Stealth
  1632 | D        | Killed a red devil
  1647 | D        | Killed a gargoyle
  1647 | D        | Reached skill level 5 in Dodging
  1747 | D        | Noticed a phantasmal warrior
  1764 | D        | Killed a phantasmal warrior
  1764 | D        | Reached XP level 10. HP: 97/97 MP: 9/9
  1887 | D        | Reached skill level 15 in Shields
  2070 | D        | Noticed a deep elf mage
  2087 | D        | Killed a deep elf mage
  2162 | D        | Noticed Snorg
  2176 | D        | Killed an unseen horror
  2189 | D        | Killed Snorg
  2333 | D        | Reached XP level 11. HP: 101/106 MP: 4/10
  2338 | D        | Reached skill level 1 in Invocations
  2369 | D        | Reached skill level 15 in Polearms
  2446 | D        | Got the +3 leather armour of the Lotus Blossom {rC+}
  2524 | D        | Gained mutation: You have large cloven feet. [potion of
                  | mutation]
  2524 | D        | Gained mutation: You are partially covered in iridescent
                  | scales. (AC +2) [potion of mutation]
  2524 | D        | Gained mutation: You are resistant to hostile enchantments.
                  | (MR+) [potion of mutation]
  2524 | D        | Gained mutation: Your system is resistant to poisons.
                  | (rPois) [potion of mutation]
  2588 | D        | Noticed an ophan
  2610 | D        | Killed an ophan
  2657 | D        | Noticed a sun demon
  2674 | D        | Killed a sun demon
  2822 | D        | Reached skill level 15 in Fighting
  2857 | D        | Noticed a phantasmal warrior
  2863 | D        | Noticed a minotaur
  2868 | D        | Killed a phantasmal warrior
  2880 | D        | Killed a minotaur
  2880 | D        | Reached XP level 12. HP: 99/122 MP: 13/13
  3046 | D        | Noticed an orc warlord
  3127 | D        | Killed an orc warlord
  3394 | D        | Noticed an anaconda
  3399 | D        | Killed an anaconda
  3412 | D        | Noticed a cacodemon
  3478 | D        | Killed a cacodemon
  3669 | D        | Noticed a vault guard
  3683 | D        | Killed a vault guard
  3694 | D        | Noticed a yaktaur captain
  3725 | D        | Killed a yaktaur captain
  3828 | D        | Noticed a vault guard
  3839 | D        | Reached skill level 15 in Armour
  3844 | D        | Killed a vault guard
  3851 | D        | Noticed a vault guard
  3852 | D        | Noticed an orc warlord
  3869 | D        | Killed a vault guard
  3869 | D        | Reached XP level 13. HP: 134/134 MP: 15/15
  3882 | D        | Killed an orc warlord
  3882 | D        | Reached skill level 5 in Invocations
  4218 | D        | Found the +4 skin of Zhor {Hibernate rC+++ SInv}
  4286 | D        | Noticed a merfolk impaler
  4322 | D        | Killed a merfolk impaler
  4428 | D        | Noticed Polyphemus
  4428 | D        | Noticed a nagaraja
  4433 | D        | Noticed a death cob
  4434 | D        | Killed a nagaraja
  4434 | D        | Reached skill level 5 in Stealth
  4450 | D        | Killed Polyphemus
  4460 | D        | Killed a death cob
  4460 | D        | Noticed a green death
  4463 | D        | Killed a green death
  4708 | D        | Noticed a minotaur
  4708 | D        | Noticed a deep elf demonologist
  4732 | D        | Noticed a green death
  4733 | D        | Reached XP level 14. HP: 98/149 MP: 16/16
  4734 | D        | Noticed a Hell Sentinel
  4759 | D        | Noticed an Ice Fiend
  4774 | D        | Noticed a Hell Sentinel
  4776 | D        | Noticed a Hell Sentinel
  5120 | D        | Noticed a red draconian scorcher
  5128 | D        | Killed a red draconian scorcher
  5145 | D        | Noticed a green draconian annihilator
  5150 | D        | Killed a green draconian annihilator
  5151 | D        | Noticed a white draconian stormcaller
  5164 | D        | Killed a white draconian stormcaller
  5177 | D        | Noticed a storm dragon
  5193 | D        | Killed a storm dragon
  5270 | D        | Noticed a purple draconian shifter
  5285 | D        | Killed a purple draconian shifter
  5364 | D        | Noticed a yellow draconian shifter
  5396 | D        | Killed a yellow draconian shifter
  5460 | D        | Noticed a white draconian knight
  5462 | D        | Noticed an ancient lich
  5474 | D        | Noticed a fire giant
  5480 | D        | Noticed a nagaraja
  5485 | D        | Killed an ancient lich
  5485 | D        | Reached skill level 1 in Evocations
  5509 | D        | Killed a fire giant
  5517 | D        | Killed a white draconian knight
  5517 | D        | Reached skill level 1 in Throwing
  5521 | D        | Killed a nagaraja
  5681 | D        | Noticed an ancient lich
  5707 | D        | Noticed a reaper
  5711 | D        | Killed an ancient lich
  5711 | D        | Reached skill level 27 in Shields
  5711 | D        | Reached XP level 15. HP: 111/160 MP: 20/20
  5838 | D        | Noticed a green draconian monk
  5862 | D        | Killed a green draconian monk
  6032 | D        | Got the amulet of the Crown {RegenMP rN+ MR+ Str+4 Slay-2}
  6034 | D        | Got the amulet "Kemnorud" {Gourm rElec rPois rN+ Int+2}
  6036 | D        | Got the amulet of Devotion {Faith rF- rC+ Str+4}
  6038 | D        | Got the amulet of the Ban {+Rage Int+4}
  6040 | D        | Got the amulet of Hanlur {rPois rF+ rN+ Regen+}
  6042 | D        | Got the ring of Equivalence {rN+ MR+}
  6072 | D        | Got the amulet of Surammes {Gourm rElec MR- Int+3}
  6074 | D        | Got the amulet "Situinid" {rPois rF++ Regen+ MP-9 Stlth+}
  6076 | D        | Got the ring "Zeehezaa" {rPois rN+ Int+6 Stlth+}
  6078 | D        | Got the ring of Geinn {rF+ Dex+6}
  6080 | D        | Got the ring "Lauq Qe Wys" {rC+ Int+6}
  6082 | D        | Got the ring of Secrets {MR+ Int+3}
  6084 | D        | Got the ring of Rijavem {+Inv Str+6}
  6087 | D        | Got the ring "Hecuzoe" {rPois MR+ Str+2 Dex+2}
  6089 | D        | Got the ring of the Blind Eye {Fire rN+}
  6091 | D        | Got the ring "Capt" {rF+ rC+ Str+4 Dex+3 SInv}
  6093 | D        | Got the ring of Dudeped {Fire Str+2}
  6095 | D        | Got the ring of Todiegg {rPois SInv Stlth+}
  6097 | D        | Got the ring "Niwkutuf" {Fire rN+ Int+4 Stlth+}
  6100 | D        | Got the ring "Aqousith" {rElec MR++ Int-2 Dex+3 Slay+3}
  6102 | D        | Got the amulet of Omarorit {Gourm Str+4}
  6142 | D        | Identified Umytza's Papyrus of the Unholy Voyage (You found
                  | it in the Dungeon)
  6303 | D        | Got the amulet of Veqoaff {Spirit MP+9}
  6305 | D        | Got the amulet "Paobyim" {rF+ rC- Regen+ SInv}
  6307 | D        | Got the amulet of Harmony {Reflect rC+ Int+2 Slay+2 SH+4}
  6309 | D        | Got the ring "Lompis" {Wiz Dex+4}
  6443 | D        | Noticed a deep elf blademaster
  6456 | D        | Killed a deep elf blademaster
  6571 | D        | Reached skill level 5 in Evocations
  6828 | D        | Noticed Xtahua
  6887 | D        | Killed Xtahua
  7037 | D        | Noticed a nagaraja
  7062 | D        | Killed a nagaraja
  7070 | D        | Noticed a Killer Klown
  7113 | D        | Reached skill level 10 in Stealth
  7446 | D        | Noticed a frost giant
  7497 | D        | Killed a frost giant
  7617 | D        | Reached skill level 5 in Throwing
  7805 | D        | Reached XP level 16. HP: 174/178 MP: 21/21
  7943 | D        | Noticed a Killer Klown
  7958 | D        | Killed a Killer Klown
  8128 | D        | Noticed Jory
  8141 | D        | Killed Jory
  8168 | D        | Found the +1 cloak of Starlight {rElec rC+ EV+4 Stlth--}
  8453 | D        | Noticed a bone dragon
  8453 | D        | Noticed a lich
  8453 | D        | Noticed a lich
  8453 | D        | Noticed a lich
  8453 | D        | Noticed a bone dragon
  8538 | D        | Killed a bone dragon
  8671 | D        | Noticed a titan
  8671 | D        | a Killer Klown changed into a titan
  8687 | D        | Killed a titan
  8778 | D        | Killed a lich
  8778 | D        | Reached skill level 27 in Fighting
  8893 | D        | Reached skill level 27 in Polearms
  8902 | D        | Reached skill level 10 in Throwing
  8905 | D        | Noticed a lich
  8908 | D        | Noticed a lich
  8912 | D        | Killed a lich
  8917 | D        | Killed a lich
  8918 | D        | Identified the +1 ring mail of Gravitas {rC- rN+ MR+++
                  | SInv}
  8920 | D        | Noticed a Tzitzimitl
  8933 | D        | Killed a lich
  8949 | D        | Killed a bone dragon
  8999 | D        | Identified the ring of Departure {*Corrode *Slow rElec
                  | rN+++ Stlth+}
  9568 | D        | Reached XP level 17. HP: 191/191 MP: 22/22
  9689 | D        | Got the +5 large shield of Spite {rN+}
  9701 | D        | Got a silver rune of Zot
  9850 | D        | Noticed an Ice Fiend
  9851 | D        | Reached skill level 15 in Throwing
 10237 | D        | Killed an Ice Fiend
 10635 | D        | Reached skill level 10 in Dodging
 10643 | D        | Gained mutation: Your magical capacity is low. (-10% MP) [a
                  | cacodemon]
 10646 | D        | Gained mutation: You tend to lose your temper in combat. [a
                  | cacodemon]
 10656 | D        | Reached skill level 27 in Armour
 10719 | D        | Noticed a Tzitzimitl
 10724 | D        | Killed a Tzitzimitl
 10724 | D        | Reached skill level 10 in Evocations
 10768 | D        | Noticed a lich
 10775 | D        | Killed a lich
 10785 | D        | Reached skill level 15 in Dodging
 10845 | D        | Noticed an Orb Guardian
 10845 | D        | Noticed an Orb Guardian
 10845 | D        | Noticed an Orb Guardian
 10845 | D        | Noticed an Orb Guardian
 10845 | D        | Noticed Dissolution
 10847 | D        | Noticed Mennas
 10890 | D        | Killed an Orb Guardian
 10894 | D        | Killed an Orb Guardian
 10910 | D        | Killed an Orb Guardian
 10911 | D        | Killed an Orb Guardian
 10935 | D        | Killed Mennas
 11031 | D        | Killed Dissolution
 11031 | D        | Reached XP level 18. HP: 188/200 MP: 22/22
 11076 | D        | Noticed a pearl dragon
 11079 | D        | Noticed the 27-headed Lernaean hydra
 11110 | D        | Killed a pearl dragon
 11342 | D        | Killed the 27-headed Lernaean hydra
 11864 | D        | Reached skill level 27 in Dodging
 11919 | D        | Reached skill level 10 in Invocations
 11992 | D        | Noticed the Serpent of Hell
 12037 | D        | Reached skill level 15 in Evocations
 12055 | D        | Killed the Serpent of Hell
 12378 | D        | Noticed a lich
 12390 | D        | Killed a lich
 12516 | D        | Got the +2 hat "Okhlo Gar" {rC+ Dex+5}
 12589 | D        | Got the ring of Mistrust {rElec rPois rF- rC+ rN+}
 12591 | D        | Got the ring "Dufiocke" {+Fly MP+9 Int+3 Dex-3}
 12593 | D        | Got the ring "Wale Vak" {rElec rPois rF- EV+4 Str-5}
 12595 | D        | Got the ring of Woiqy {Ice +Inv rN+}
 12687 | D        | Identified the +7 sceptre of Asmodeus
 12687 | D        | Noticed Asmodeus
 12712 | D        | Killed Asmodeus
 12712 | D        | Reached XP level 19. HP: 164/207 MP: 29/29
 12942 | D        | Noticed an electric golem
 12949 | D        | Killed an electric golem
 12968 | D        | Noticed an orb of fire
 12968 | D        | Noticed a Tzitzimitl
 12973 | D        | Gained mutation: Your spells are a little easier to cast,
                  | but a little less powerful. [an orb of fire]
 12981 | D        | Killed an orb of fire
 12986 | D        | Killed a Tzitzimitl
 12988 | D        | Reached skill level 15 in Invocations
 13280 | D        | Noticed a pearl dragon
 13286 | D        | Killed a pearl dragon
 13304 | D        | Noticed a Killer Klown
 13317 | D        | Killed a Killer Klown
 13339 | D        | Noticed Nikola
 13347 | D        | Killed Nikola
 13393 | D        | Noticed Margery
 13413 | D        | Killed Margery
 13413 | D        | Reached skill level 27 in Evocations
 13417 | D        | Noticed an electric golem
 13424 | D        | Killed an electric golem
 13450 | D        | Noticed a greater mummy
 13451 | D        | Noticed Omitolim the pandemonium lord
 13459 | D        | Killed a greater mummy
 13464 | D        | Killed Omitolim the pandemonium lord
 13639 | D        | Noticed Vuixtuat the pandemonium lord
 13648 | D        | Killed Vuixtuat the pandemonium lord
 13803 | D        | Noticed Louise
 13832 | D        | Killed Louise
 13864 | D        | Noticed Mara
 13878 | D        | Noticed doot's illusion
 13918 | D        | Killed Mara
 13918 | D        | Reached XP level 20. HP: 191/213 MP: 32/32
 13931 | D        | Noticed an ancient lich
 13943 | D        | Killed an ancient lich
 13943 | D        | Reached skill level 27 in Invocations
 14239 | D        | Noticed a curse toe
 14251 | D        | Noticed a pearl dragon
 14257 | D        | Killed a curse toe
 14265 | D        | Killed a pearl dragon
 15279 | D        | Noticed Xunk the pandemonium lord
 15292 | D        | Killed Xunk the pandemonium lord
 15662 | D        | Got the ring of Veheucume {rElec Dex+3}
 15670 | D        | Got the amulet of Jydi {*Slow rPois rF+++ Regen+ Dex-5}
 15683 | D        | Got an iron rune of Zot
 15695 | D        | Got the amulet "Zytiac" {Reflect Int+3 Slay+3 SH+6}
 15836 | D        | Got the Reference Book on the Traveller and Execration
 15862 | D        | Learned a level 8 spell: Discord
 16050 | D        | HP: 9/213 [balrug/divine providence[the player character]
                  | (9)]
 16064 | D        | HP: 9/216 [balrug/divine providence[the player character]
                  | (13)]
 16070 | D        | HP: 7/216 [daeva/divine providence (14)]
 16628 | D        | Reached skill level 10 in Hexes
 16984 | D        | Identified the +11 shortbow "Ysuagaoj" {freeze, rElec}
 17042 | D        | Reached skill level 15 in Hexes
 17104 | D        | Noticed a pearl dragon
 17112 | D        | Killed a pearl dragon
 17112 | D        | Reached XP level 21. HP: 224/224 MP: 33/33
 17176 | D        | Identified a ring of the Octopus King {AC+1 EV+1 Str+1
                  | Int+1 Dex+1 Stlth+}
 17989 | D        | Got the +2 pair of boots "Sousch" {Str+2 Dex+2}
 18054 | D        | Got a golden rune of Zot
 18225 | D        | Noticed a golden dragon
 18336 | D        | Killed a golden dragon
 18585 | D        | Noticed Ignacio
 18591 | D        | Noticed Frederick
 18602 | D        | Killed Ignacio
 19129 | D        | Noticed a golden dragon
 19138 | D        | Killed a golden dragon
 19346 | D        | Reached XP level 22. HP: 176/233 MP: 17/34
 19395 | D        | Noticed a greater mummy
 19398 | D        | Killed Frederick
 19398 | D        | Reached skill level 27 in Hexes
 19465 | D        | Reached skill level 5 in Spellcasting
 19823 | D        | Noticed an ancient lich
 19840 | D        | Killed an ancient lich
 19846 | D        | Reached skill level 10 in Spellcasting
 19858 | D        | Noticed Noufylir the pandemonium lord
 19867 | D        | Killed Noufylir the pandemonium lord
 19927 | D        | Noticed Naps the pandemonium lord
 19959 | D        | Killed Naps the pandemonium lord
 19971 | D        | Noticed a curse toe
 19989 | D        | Killed a curse toe
 20053 | D        | Killed a greater mummy
 20056 | D        | Noticed Boris
 20064 | D        | Killed Boris
 20295 | D        | Noticed Antaeus
 20326 | D        | Killed Antaeus
 21024 | D        | Reached XP level 23. HP: 226/240 MP: 43/45
 21062 | D        | Got the Orb of Zot
 21174 | D        | Escaped with the Orb!

Skill      XL: |  1  2  3  4  5  6  7  8  9 10 11 12 13 14 15 16 17 18 19 20 21 22 23 |
---------------+----------------------------------------------------------------------+-----
Fighting       | 5 9 10 11 12 15 17 20 21 25 27 | 27.0
Armour         | 5 9 10 11 12 13 15 16 17 19 24 27 | 27.0
Shields        | 5 9 10 12 14 16 19 21 23 27 | 27.0
Axes           | 3 9 10 11 | 11.6
Dodging        | 2 3 4 5 6 7 8 24 27 | 27.0
Polearms       | 3 8 11 14 16 18 20 22 24 27 | 27.0
Stealth        | 1 6 7 11 12 | 12.9
Invocations    | 3 4 5 8 14 25 27 | 27.0
Evocations     | 1 7 10 22 27 | 27.0
Throwing       | 1 5 14 16 26 | 26.3
Hexes          | 16 26 27 | 27.0
Spellcasting   | 24 25 | 25.2

Action                   |  1- 3 |  4- 6 |  7- 9 | 10-12 | 13-15 | 16-18 | 19-21 | 22-24 || total
-------------------------+-------+-------+-------+-------+-------+-------+-------+-------++-------
Melee: War axe           |    43 |       |       |       |       |       |       |       ||    43
       Headbutt          |     6 |     1 |    18 |    86 |   125 |   159 |   206 |    88 ||   689
       Trident           |       |    12 |   136 |       |       |       |       |       ||   148
       Demon trident     |       |       |    11 |   406 |   554 |   582 |   804 |   236 ||  2593
       Kick              |       |       |       |    68 |   178 |   278 |   250 |       ||   774
Throw: Javelin           |       |       |       |       |    17 |       |       |       ||    17
 Cast: Discord           |       |       |       |       |       |       |     3 |     9 ||    12
Invok: Disaster Area     |       |       |       |     1 |       |       |       |       ||     1
       Upheaval          |       |       |       |     3 |     4 |     1 |     1 |     4 ||    13
       Elemental Force   |       |       |       |       |     1 |       |       |       ||     1
 Abil: Evoke Invisibilit |       |       |       |       |     2 |     3 |     2 |       ||     7
Evoke: Phantom mirror    |       |       |       |       |     1 |       |       |       ||     1
       Sceptre of Asmode |       |       |       |       |       |       |    12 |       ||    12
  Use: Potion            |     1 |       |       |     1 |     6 |     8 |    18 |     5 ||    39
       Scroll            |       |       |       |       |     2 |     5 |     4 |       ||    11
 Stab: Petrified         |       |       |       |       |     7 |       |       |       ||     7
       Distracted        |       |       |       |       |     1 |       |     1 |       ||     2
       Invisible         |       |       |       |       |    11 |     1 |       |       ||    12
  Eat: Chunk             |       |       |     3 |     6 |     9 |     3 |     6 |     1 ||    28
       Ration            |       |       |     1 |       |     1 |     5 |     5 |     4 ||    16
Armor: Scale mail        |    19 |     6 |    14 |       |       |       |       |       ||    39
       Plate armour      |       |       |    10 |    56 |    56 |    66 |    31 |    17 ||   236
       Troll leather arm |       |       |       |       |     1 |       |       |       ||     1
Dodge: Dodged            |     6 |     5 |    20 |    20 |    42 |    90 |   104 |    31 ||   318
       Deflected         |       |       |     1 |     1 |     5 |     9 |     5 |     5 ||    26
Block: Shield            |    28 |     6 |   103 |   186 |    16 |       |       |       ||   339
       Large shield      |       |       |       |       |   364 |   551 |   660 |   237 ||  1812
       Reflection        |       |       |       |       |    31 |    29 |    73 |     1 ||   134
